 Dungeon Crawl Stone Soup version 0.26-a0-651-gb41185065b (webtiles) character file.

Game seed: 4724199115761603061

1311 Flugslaktarn the Chopper (level 8, -9/76 HPs)
             Began as a Deep Dwarf Fighter on Oct 12, 2020.
             Was a Follower of Makhleb.
             Mangled by Harold
             ... wielding a +0 trident of venom
              (10 damage)
             ... on level 7 of the Dungeon.
             The game lasted 00:01:44 (1511 turns).

Flugslaktarn the Chopper (Deep Dwarf Fighter)       Turns: 1511, Time: 00:01:45

Health: -9/76      AC: 13    Str: 19    XL:     8   Next: 32%
Magic:  10/10      EV:  7    Int: 10    God:    Makhleb [*.....]
Gold:   154        SH:  9    Dex: 14    Spells: 7/7 levels left

rFire    . . .     SeeInvis .   a - +0 war axe
rCold    . . .     Faith    .   c - +0 kite shield
rNeg     . . .     Spirit   .   h - +0 plate armour
rPois    .         Reflect  .   (helmet restricted)
rElec    .         Harm     .   (no cloak)
rCorr    .         Rampage  .   (no gloves)
MR       +....     Rnd*Rage +   g - +0 pair of boots
Stlth    ..........             (no amulet)
HPRegen  0.00/turn              (no ring)
MPRegen  0.12/turn              (no ring)

@: mighty, lethally poisoned (-9 -> -74), marked, non-regenerating
A: damage resistance, heal wounds, horns 1, repulsion field 1, berserk 1, sense
surroundings 1, no regeneration
a: Heal Wounds, Renounce Religion


You were on level 7 of the Dungeon.
You worshipped Makhleb.
Makhleb was aware of your devotion.
You visited 2 branches of the dungeon, and saw 8 of its levels.

You collected 154 gold pieces.

Inventory:

Hand Weapons
 a - a +0 war axe (weapon)
Armour
 c - a +0 kite shield (worn)
 g - a +0 pair of boots (worn)
   (You found it on level 4 of the Dungeon)
 h - a +0 plate armour (worn)
   (You found it on level 4 of the Dungeon)
Wands
 e - a wand of enslavement (9)
   (You found it on level 6 of the Dungeon)
Scrolls
 b - a scroll of noise {unknown}
 f - a scroll of identify {unknown}
 i - a scroll of remove curse {unknown}
 j - a scroll of immolation {unknown}
 k - a scroll of fog {unknown}
 z - a scroll of blinking
Miscellaneous
 C - a tin of tremorstones (3/3)
   (You found it on level 6 of the Dungeon)


   Skills:
 * Level 5.8 Fighting
 * Level 6.5 Axes
 + Level 5.4 Armour
 + Level 2.9 Dodging
 - Level 4.3 Shields
 + Level 3.4 Invocations
 + Level 0.0 Evocations


You had 7 spell levels left.
You didn't know any spells.
Your spell library was empty.

Dungeon Overview and Level Annotations

Branches:
Dungeon (7/15)             Temple (1/1) D:4

Altars:
Ashenzari
Cheibriados
Dithmenos
Elyvilon
Fedhas
Hepliaklqana
Makhleb
Nemelex Xobeh
Ru
Uskayaw
Vehumet
Xom
Yredelemnul
Zin

Annotations:
D:7 Harold


Innate Abilities, Weirdness & Mutations

You are resistant to damage.
You can heal yourself by infusing magical energy.
You passively map a small area around you.
You do not regenerate.
You have a pair of small horns on your head.
You are surrounded by a mild repulsion field. (EV +2)
You tend to lose your temper in combat.


Message History

You kill the orc!
Makhleb accepts your kill.
You feel better.
You feel extremely sick.
Harold says, "Ah, this is what I got into this business for!"
Harold hits you but does no damage.
You are more poisoned.
You are too injured to fight recklessly!
You fail to use your ability.
* * * LOW HITPOINT WARNING * * *
You feel very sick.
Harold hits you with a +0 trident of venom!
* * * LOW HITPOINT WARNING * * *
You are more poisoned.
You slash Harold!
Harold is almost dead.
* * * LOW HITPOINT WARNING * * *
You feel extremely sick.
Harold hits you with a +0 trident of venom!
You die...

, * .# +# #..... ,.* . , , , *,
#...., .##. , ,, #.... .#* ,...*
* # ############... ,.# ..#* ...
#..........#$.###.# *#.# ...
#.............##..# #.##### ...
#..<.......@.....### ##.#....
...##..........)@#.....# #.......
...............#)......###.###...
...#......####.#..(........# #...
.....#....# #......(......## #...
..#.#..##.# #..#)......##.#####..
.....................=...........
......###.##...##.#.#####.#####..
..?...# #..#. #...# * #... #..
.....##* ..## *###.. , ###..##..


You could see Harold.

Vanquished Creatures
  Sigmund (D:4)
  Menkaure (D:6)
  Edmund (D:4)
  An orc warrior (D:6)
  A phantom (D:4)
  A centaur (D:6)
  3 killer bees (D:6)
  A wight (D:6)
  2 howler monkeys
  A bullfrog zombie (D:6)
  A centaur zombie (D:6)
  A jelly (D:6)
  2 hounds (D:6)
  A bullfrog skeleton (D:6)
  A gnoll shaman (D:4)
  2 orc wizards (D:4)
  2 worker ants (D:4)
  A hound skeleton (D:4)
  4 gnolls (D:4)
  4 adders
  3 adder skeletons (D:4)
  2 worms
  2 dart slugs (D:4)
  2 leopard geckos (D:4)
  10 orcs
  2 giant cockroaches
  A goblin (D:1)
  2 jackals (D:6)
  A kobold (D:1)
  A quokka (D:2)
  A frilled lizard (D:1)
  2 gnoll zombies (D:4)
  A jackal skeleton (D:6)
  2 leopard gecko skeletons
  2 rats
66 creatures vanquished.

Notes
Turn   | Place    | Note
-------+----------+-------------------------------------------
     0 | D:1      | Flugslaktarn the Deep Dwarf Fighter began the quest for the
                  | Orb.
     0 | D:1      | Reached XP level 1. HP: 20/20 MP: 1/1
   137 | D:3      | Reached XP level 2. HP: 21/27 MP: 2/2
   180 | D:4      | Noticed a phantom
   193 | D:4      | Reached XP level 3. HP: 12/34 MP: 3/3
   212 | D:4      | Reached skill level 3 in Axes
   212 | D:4      | Reached XP level 4. HP: 23/42 MP: 4/4
   258 | D:4      | Killed a phantom
   258 | D:4      | Reached skill level 4 in Axes
   258 | D:4      | Reached XP level 5. HP: 33/50 MP: 5/5
   322 | D:4      | Found a staircase to the Ecumenical Temple.
   341 | D:4      | Reached XP level 6. HP: 29/57 MP: 6/6
   428 | Temple   | Entered the Ecumenical Temple
   516 | Temple   | Became a worshipper of Makhleb the Destroyer
   736 | D:4      | Noticed Sigmund
   750 | D:4      | Killed Sigmund
   750 | D:4      | Reached skill level 5 in Axes
   750 | D:4      | Reached skill level 1 in Dodging
   750 | D:4      | Reached skill level 1 in Invocations
   750 | D:4      | Reached XP level 7. HP: 42/66 MP: 7/7
   760 | D:4      | Noticed Edmund
   778 | D:4      | Killed Edmund
   991 | D:4      | Found a basalt altar of Yredelemnul.
  1012 | D:5      | Entered Level 5 of the Dungeon
  1020 | D:5      | You fall into a shaft and drop 2 floors!
  1035 | D:6      | Gained mutation: You tend to lose your temper in combat.
                  | [potion of mutation]
  1035 | D:6      | Gained mutation: You have a pair of small horns on your
                  | head. [potion of mutation]
  1035 | D:6      | Gained mutation: You are surrounded by a mild repulsion
                  | field. (EV +2) [potion of mutation]
  1044 | D:6      | Noticed Menkaure
  1050 | D:6      | Reached skill level 5 in Fighting
  1064 | D:6      | Reached skill level 5 in Armour
  1068 | D:6      | Killed Menkaure
  1068 | D:6      | Reached skill level 6 in Axes
  1077 | D:6      | Reached XP level 8. HP: 53/75 MP: 10/10
  1104 | D:6      | Reached * piety under Makhleb
  1487 | D:7      | Noticed Harold
  1511 | D:7      | HP: 1/76 [poisoned by Harold]
  1511 | D:7      | Mangled by Harold

Illustrated notes

Levels and vault maps discovered:
D:1:      kennysheep_arrival_seaside, layout_rooms
D:2:      layout_rooms
D:3:      layout_loops_ring, serial_rivers, chequers_serial_rivers_room_a,
          chequers_serial_rivers_micro_e, chequers_serial_rivers_micro_c,
          chequers_serial_rivers_small_b, chequers_serial_rivers_micro_a,
          uniq_robin, uniq_jessica
D:4:      minmay_angry_zag, layout_rooms, lemuel_zombie_altar_yredelemnul,
          temple_pool_b, st_stairs_9, sigmund_edmund_badplayer
D:5:      layout_loops_ring, amethyst_overflow_temple_binary, serial_shops,
          kennysheep_mini_moat, hangedman_feature_mirror,
          hangedman_decor_riveting
D:6:      kennysheep_windowed_halls, layout_loops_ring, lemuel_crystal_altar,
          uniq_menkaure
D:7:      layout_rooms, lemuel_coloured_pillars_altar, enter_bailey_8,
          uniq_harold
Temple:   eino_temple_rhombus

Skill      XL: |  1  2  3  4  5  6  7  8 |
---------------+-------------------------+-----
Fighting       | 3 4 5 |  5.8
Axes           | 3 4 5 6 |  6.5
Armour         | 4 5 |  5.4
Shields        | 4 |  4.3
Dodging        | 1 2 |  2.9
Invocations    | 1 2 3 |  3.4

Action                   |  1- 3 |  4- 6 |  7- 9 || total
-------------------------+-------+-------+-------++-------
Melee: War axe           |    52 |   104 |   135 ||   291
       Headbutt          |       |       |    21 ||    21
 Abil: Heal Wounds       |     1 |     6 |    11 ||    18
  Use: Potion            |       |     1 |     3 ||     4
       Scroll            |       |     1 |       ||     1
Armor: Scale mail        |    26 |    72 |       ||    98
       Plate armour      |       |       |   155 ||   155
Dodge: Dodged            |    17 |    34 |    75 ||   126
Block: Kite shield       |    28 |    74 |   122 ||   224

Table legend: (Time is in decaauts)
 A = Elapsed time spent in this place.
 B = Non-inter-level travel time spent in this place.
 C = Inter-level travel time spent in this place.
 D = Time resting spent in this place.
 E = Time spent auto-exploring this place.
 F = Levels seen in this place.
 G = Mean time per level.
                   A        B        C        D        E       F      G
               +--------+--------+--------+--------+--------+-----+--------+
         Total |   1634 |   1464 |    170 |      0 |    789 |   8 |  204.2 |
       Dungeon |   1529 |   1397 |    132 |      0 |    725 |   7 |  218.4 |
        Temple |    104 |     66 |     38 |      0 |     64 |   1 |  104.0 |
               +--------+--------+--------+--------+--------+-----+--------+

Top non-repeatable levels by time:
     D:4: 808 daAuts
     D:6: 481 daAuts
  Temple: 104 daAuts
     D:1: 85 daAuts
     D:3: 64 daAuts
     D:7: 50 daAuts
     D:2: 31 daAuts
     D:5: 7 daAuts
